General information
	        
			
        
        - name: BNet
 
        - type: Ladder 1vs1/FFA
 
        - host: Battle.net
 
        - saver: PwnimusMaximus
 
        
map: SecretValley 
        - players: 2
 
        - length: 18:11
 
        - speed: Fast
 - version: 1.22 W3XP
 - replay type:  Public
 
» download(64 KB)
Players
        team 1 (winner) 
              
              
PwnimusMaximus (
orange | 120 APM | 2182 actions | 18:11)
              
 5 Death Knight 
 3 Death Coil
 2 Unholy Aura
 4 Lich 
 2 Frost Nova
 2 Frost Armor
 
                » actions 
                
                | Assign group hotkey | 35 |  | 
| Basic commands | 64 |  | 
| Build / train | 53 |  | 
| ESC pressed | 2 |  | 
| Enter build submenu | 14 |  | 
| Enter hero's abilities submenu | 9 |  | 
| Give item / drop item | 4 |  | 
| Right click | 1206 |  | 
| Select / deselect | 260 |  | 
| Select group hotkey | 447 |  | 
| Use ability | 88 |  | 
                2182 total
 » units 
                
                | Acolyte | 7 |  | 
| Ghoul | 7 |  | 
| Gargoyle | 6 |  | 
| Obsidian Statue | 1 |  | 
                21 total
 » upgrades
                
                | Creature Attack | 2 |  | 
| Creature Carapace | 1 |  | 
| Ghoul Frenzy | 1 |  | 
| Stone Form | 1 |  | 
                5 total
 » buildings
                
                | Altar of Darkness | 1 |  | 
| Ziggurat | 6 |  | 
| Crypt | 2 |  | 
| Tomb of Relics | 1 |  | 
| Halls of the Dead | 2 |  | 
| Graveyard | 1 |  | 
| Black Citadel | 1 |  | 
| Slaughterhouse | 1 |  | 
| Sacrificial Pit | 1 |  | 
                16 total
 » build order
                00:07 Altar of Darkness
00:09 Ziggurat
00:24 Crypt
01:06 Tomb of Relics
01:37 Ziggurat
02:48 Halls of the Dead
03:38 Graveyard
03:40 Ziggurat
03:42 Crypt
07:03 Black Citadel
09:07 Slaughterhouse
09:09 Ziggurat
12:48 Sacrificial Pit
16:03 Ziggurat
16:04 Ziggurat
» items
                
                | Rod of Necromancy | 3 |  | 
| Dust of Appearance | 1 |  | 
| Orb of Corruption | 1 |  | 
| Scroll of Protection | 1 |  | 
| Scroll of Healing | 2 |  | 
| Potion of Lesser Invulnerability | 1 |  | 
| Scroll of Town Portal | 1 |  | 
| Potion of Healing | 2 |  | 
                12 total
  
               team 2 (loser) 
              
              
GAaRA25 (
red | 59 APM | 1074 actions | 18:06)
              
 3 Demon Hunter 
 2 Mana Burn
 1 Evasion
 2 Beastmaster 
 1 Summon Quilbeast
 1 Summon Hawk
 
                » actions 
                
                | Build / train | 71 |  | 
| Enter build submenu | 21 |  | 
| Enter hero's abilities submenu | 5 |  | 
| Give item / drop item | 1 |  | 
| Remove unit from queue | 3 |  | 
| Right click | 526 |  | 
| Select / deselect | 351 |  | 
| Use ability | 96 |  | 
                1074 total
 » units 
                
                | Wisp | 26 |  | 
| Huntress | 2 |  | 
| Archer | 3 |  | 
| Dryad | 13 |  | 
| Druid of the Claw | 4 |  | 
                48 total
 » upgrades
                
                | Druid of the Claw Training | 2 |  | 
| Strength of the Wild | 1 |  | 
| Reinforced Hides | 0 |  | 
                3 total
 » buildings
                
                | Altar of Elders | 1 |  | 
| Moon Well | 6 |  | 
| Hunter's Hall | 1 |  | 
| Ancient of War | 1 |  | 
| Ancient of Wonders | 2 |  | 
| Tree of Ages | 1 |  | 
| Ancient of Lore | 5 |  | 
| Ancient Protector | 4 |  | 
| Tree of Eternity | 3 |  | 
                24 total
 » build order
                00:09 Altar of Elders
00:20 Moon Well
01:39 Hunter's Hall
01:42 Ancient of War
01:54 Moon Well
02:31 Ancient of Wonders
03:05 Tree of Ages
03:39 Moon Well
04:22 Moon Well
05:48 Ancient of Lore
05:50 Ancient of Lore
06:31 Ancient of Lore
06:43 Ancient of Lore
07:19 Ancient Protector
09:08 Moon Well
09:54 Ancient Protector
09:58 Ancient Protector
10:46 Ancient Protector
11:42 Tree of Eternity
14:32 Ancient of Lore
16:17 Ancient of Wonders
16:51 Moon Well
» items
                
                | Staff of Preservation | 2 |  | 
| Potion of Healing | 1 |  | 
| Scroll of Town Portal | 2 |  | 
                5 total
  
                Chat log
          (00:17 / All) PwnimusMaximus: ggl
(00:25 / All) GAaRA25: rien a branlé konnard
(00:37 / All) PwnimusMaximus: thats great
(00:40 / All) PwnimusMaximus: learn english please
(00:51 / All) GAaRA25: shut up understand that?
(00:57 / All) PwnimusMaximus: sure do
(01:00 / All) PwnimusMaximus: pog mo hoin
(01:03 / All) PwnimusMaximus: understand that?
(01:15 / All) GAaRA25: langage of noob ?
(01:30 / All) PwnimusMaximus: lol
(06:52 / All) GAaRA25: all time map hacker
(06:55 / All) PwnimusMaximus: rofl
(06:56 / All) PwnimusMaximus: whatever
(07:31 / All) GAaRA25: pf
(12:06 / All) GAaRA25: hacker..
(12:08 / All) PwnimusMaximus: lol
(12:10 / All) PwnimusMaximus: sure
(12:13 / All) PwnimusMaximus: learn english
(12:16 / All) PwnimusMaximus: then learn to play
(17:36 / All) PwnimusMaximus: gfg
(18:01 / All) GAaRA25: noob...
(18:06 / All) PwnimusMaximus: bye bye